 Dungeon Crawl Stone Soup version 0.17-a0-1648-g0a089d4 (webtiles) character file.

72 urechis the Magician (level 4, 0/24 HPs)
             Began as a Gargoyle Wizard on Aug 12, 2015.
             Slain by Sigmund
             ... wielding a +1 scythe of protection
              (6 damage)
             ... on level 2 of the Dungeon.
             The game lasted 00:03:00 (1643 turns).

urechis the Magician (Gargoyle Wizard)              Turns: 1643, Time: 00:03:00

Health: 0/24       AC:  6    Str: 11    XL:     4   Next: 26%
Magic:  0/9        EV: 11    Int: 19    God:
Gold:   89         SH:  0    Dex:  8    Spells: 1 memorised, 9 levels left

rFire  . . .     SeeInvis .     k - +0 short sword
rCold  . . .     Clarity  .     a - +0 robe
rNeg   + . .     SustAt   .     (no shield)
rPois  ∞         Gourm    .     b - +0 hat
rElec  +         Spirit   .     (no cloak)
rCorr  +         Warding  .     e - +0 pair of gloves
rMut   .         Stasis   .     (no boots)
MR     .....                    n - amulet of resist corrosion
Stlth  ++........               (no ring)
                                (no ring)

@: not resistant to hostile enchantments, unstealthy
A: negative energy resistance 1, electricity resistance, unbreathing,
petrification resistance, rot immunity, AC +3
a: no special abilities


You were on level 2 of the Dungeon.
You were very hungry.

You visited 1 branch of the dungeon, and saw 2 of its levels.

You collected 89 gold pieces.

Inventory:

Hand weapons
 k - a +0 short sword (weapon)
Armour
 a - a +0 robe (worn)
 b - a +0 hat (worn)
 e - a +0 pair of gloves (worn)
Jewellery
 n - an amulet of resist corrosion (around neck)
Scrolls
 h - a scroll of magic mapping {unknown}
 i - 3 scrolls of remove curse {unknown}
 l - 2 scrolls of amnesia {unknown}
 m - 2 scrolls of fog {unknown}
Potions
 f - a potion of haste {unknown}
 g - 3 potions of curing {unknown}
 j - a potion of lignification {unknown}
 p - a potion of ambrosia {unknown}
Books
 c - a book of Minor Magic

   Spells                             Type                      Level
   a - Magic Dart                     Conjuration                  1
   b - Blink                          Translocation                2
   c - Call Imp                       Summoning                    2
   d - Repel Missiles                 Charms/Air                   2
   e - Slow                           Hexes                        2
   f - Conjure Flame                  Conjuration/Fire             3
   g - Mephitic Cloud                 Conjuration/Poison/Air       3
Comestibles
 d - a bread ration
 o - a meat ration
 q - a beef jerky


   Skills:
 - Level 1.5 Dodging
 - Level 2.1 Stealth
 + Level 3.9 Spellcasting
 + Level 3.1 Conjurations
   Level 0.8 Summonings
   Level 0.8 Translocations


You had 9 spell levels left.
You knew the following spells:

 Your Spells              Type           Power        Failure   Level  Hunger
a - Magic Dart            Conj           ###.         4%          1    None


Dungeon Overview and Level Annotations

Branches:
Dungeon (2/15)

Altars:

Annotations:
D:2 Sigmund


Innate Abilities, Weirdness & Mutations

You are resistant to torment.
Your stone body is resilient (AC +3).
You are immune to poison.
You resist negative energy.
You are resistant to electric shocks.
You can survive without breathing.
You are immune to petrification.
You are immune to rotting.


Message History

The puff of flame hits you!
* * * LOW HITPOINT WARNING * * *
Casting: Magic Dart
Confirm with . or Enter, or press ? or * to list all spells.
Aiming: Magic Dart
Press: ? - help, Shift-Dir - straight line, f/p - Sigmund
Aim: Sigmund, wielding a scythe of protection and wearing a runed robe (severely wounded)
The magic dart hits Sigmund.
Sigmund is severely wounded.
Sigmund misses you.
You are too injured to fight recklessly!
You are too injured to fight recklessly!
You are too injured to fight recklessly!
You are too injured to fight recklessly!
You are too injured to fight recklessly!
You are too injured to fight recklessly!
You hit Sigmund but do no damage.
Sigmund is severely wounded.
Sigmund hits you with a scythe of protection.
You die...

....# #...
###.###.##.#.##
....# #..##
#.#......#.#
...)###### #...#
#.#......# # ....+
...# #.#.##
#.#......#
....####.###.#..#
#.#......#
.)..##.......##.##
#.#......#
....+..#.######..#
#.######## ....#
#.# ##.# ....# #.#
#@# ....# #.# #@.#
########.# .....
.........#
........
.#########
.........# .#
..........# .#
#..........# .#
#..........# .#


You could see Sigmund.

Vanquished Creatures
  Ijyb (D:2)
  4 goblins (D:1)
  7 hobgoblins
  8 jackals (D:1)
  3 bats (D:1)
  4 giant cockroaches (D:1)
  4 giant newts (D:1)
  6 kobolds
  5 rats
42 creatures vanquished.

Notes
Turn   | Place    | Note
--------------------------------------------------------------
     0 | D:1      | urechis the Gargoyle Wizard began the quest for the Orb.
     0 | D:1      | Reached XP level 1. HP: 10/10 MP: 4/4
   262 | D:1      | Reached XP level 2. HP: 10/15 MP: 0/6
   780 | D:1      | Reached XP level 3. HP: 8/19 MP: 1/8
  1395 | D:2      | Noticed Ijyb
  1415 | D:2      | Killed Ijyb
  1415 | D:2      | Reached XP level 4. HP: 8/24 MP: 0/9
  1631 | D:2      | Noticed Sigmund
  1643 | D:2      | Slain by Sigmund

Vault maps used:
D:1:      saegor_arrival_simple_f, minmay_close_crescents
D:2:      grunt_gozag_breadcrumbs, uniq_sigmund, uniq_iyjb

Action                   |  1- 3 |  4- 6 || total
-------------------------+-------+-------++-------
Melee: Unarmed           |    46 |       ||    46
       Short sword       |    70 |     1 ||    71
       Dagger            |    22 |       ||    22
 Cast: Magic Dart        |    60 |    12 ||    72
 Stab: Sleeping          |     3 |       ||     3
  Eat: Chunk             |     1 |       ||     1
